 Dungeon Crawl Stone Soup version 0.31-a0-408-gb642c7f9a3 (webtiles) character file.

Game seed: 14098740001259873499

83 drugrobin the Sneak (level 4, -3/37 HPs)
             Began as a Demigod Delver on July 29, 2023.
             Slain by an iguana (11 damage)
             ... on level 4 of the Dungeon.
             The game lasted 00:06:06 (2476 turns).

drugrobin the Sneak (Demigod Delver)                Turns: 2476, Time: 00:06:07

Health: -3/37      AC:  7    Str: 17    XL:     4   Next: 2%
Magic:  4/6        EV: 10    Int: 12    God:
Gold:   162        SH:  0    Dex: 15    Spells: 2/3 levels left

rFire   . . .        a - +0 hand axe
rCold   . . .        (no shield)
rNeg    . . .        b - +0 scale mail
rPois   +            (no helmet)
rElec   .            (no cloak)
rCorr   .            (no gloves)
SInv    .            w - +0 pair of boots
Will    .....        k - amulet of the acrobat
Stlth   +            p - ring of poison resistance
HPRegen 0.26/turn    u - ring of flight
MPRegen 0.10/turn

%: acrobat
@: flying
A: high MP 1, forlorn, divine attributes
a: no special abilities


You were on level 4 of the Dungeon.
You visited 1 branch of the dungeon, and saw 5 of its levels.

You collected 162 gold pieces.

Inventory:

Hand Weapons
 a - a +0 hand axe (weapon)
 r - a +0 mace of holy wrath
Armour
 b - a +0 scale mail (worn)
 v - a +0 chain mail
 w - a +0 pair of boots (worn)
Magical Staves
 t - a staff of poison
Jewellery
 k - an amulet of the acrobat (around neck)
 p - a ring of poison resistance (left hand)
 u - a ring of flight (right hand)
Wands
 g - a wand of digging (3)
Scrolls
 c - a scroll of fog
 d - a scroll of revelation
 e - a scroll of fear
 h - 3 scrolls of identify {unknown}
 j - 2 scrolls of teleportation {unknown}
 l - a scroll of enchant weapon {unknown}
 n - a scroll of poison {unknown}
Potions
 f - 2 potions of haste
 i - 5 potions of curing {unknown}
 m - 2 potions of heal wounds {unknown}
 o - a potion of attraction {unknown}
 q - a potion of brilliance {unknown}
 s - a potion of invisibility {unknown}


   Skills:
 - Level 2.6 Fighting
 + Level 4.1 Axes
 - Level 1.7 Dodging
 - Level 4.5 Stealth


You had 2 spell levels left.
You knew the following spells:

 Your Spells              Type           Power      Damage    Failure   Level
a - Summon Small Mammal   Summ           0%         N/A       77%         1

Your spell library contained the following spells:

 Spells                   Type           Power      Damage    Failure   Level
 Apportation              Tloc           0%         N/A       77%         1
 Necrotise                Necr           0%         1d4       77%         1
 Gell's Gravitas          Tloc           0%         N/A       98%         3
 Stone Arrow              Conj/Erth      0%         3d7       98%         3
 Teleport Other           Tloc           0%         N/A       98%         3
 Sticky Flame             Conj/Fire      0%         2d3       100%        4
 Iskenderun's Battlesphe  Conj           0%         2d6       100%        5
 Dispersal                Tloc           0%         N/A       100%        6
 Leda's Unmaking          Conj/Erth      0%         9d1       100%        6


Dungeon Overview and Level Annotations

Branches:
Dungeon (5/15)
 Temple: D:4-7

Annotations:
D:3 Ijyb


Innate Abilities, Weirdness & Mutations

You have an increased reservoir of magic. (+10% MP)
You shall have no god before yourself.
Your divine heritage dramatically boosts your attributes as you level up.


Message History

Your magical contamination has completely faded away.
You have reached level 4!
You feel sick.
You are no longer poisoned.
Unknown command.
Unknown command.
You hit the iguana.
The iguana is lightly wounded.
Your rat barely misses the iguana.
The iguana bites you!
You hit the iguana.
The iguana is lightly wounded.
Your rat bites the iguana.
The iguana bites you!
You hit the iguana but do no damage.
The iguana is moderately wounded.
Your rat bites the iguana but does no damage.
The iguana closely misses you.
You hit the iguana but do no damage.
The iguana is moderately wounded.
Your rat bites the iguana but does no damage.
The iguana closely misses you.
You closely miss the iguana.
The iguana is moderately wounded.
Your rat barely misses the iguana.
The iguana hisses menacingly.
The iguana closely misses you.
You hit the iguana.
The iguana is severely wounded.
Your rat bites the iguana but does no damage.
The iguana bites you!
* * * LOW HITPOINT WARNING * * *
Your rat closely misses the iguana.
You hit the iguana but do no damage.
The iguana is severely wounded.
The iguana misses you.
Your rat closely misses the iguana.
Unknown command.
Unknown command.
You closely miss the iguana.
The iguana is severely wounded.
The iguana bites you!
You die...

#.###.#.#........#
#.#
#.#.#........##
#.#
#........)....#
#.#
##.##.##..##.....
#.#
#.##.##..##.####
#.. #..#..#.....
##†.#.#..#..
##..........#
#.r@>.........
#...l..........
#............
#............
#............
#............
.............
###......$....


You could see an iguana (ally target) and a friendly rat (summoned).

Vanquished Creatures
  A gnoll (D:4)
  An adder (D:4)
  An orc (D:3)
  5 ball pythons
  6 bats
  8 endoplasms
  6 giant cockroaches
  7 goblins
  4 hobgoblins
  3 jackals (D:3)
  5 kobolds
  3 frilled lizards
  2 rats (D:1)
52 creatures vanquished.

Notes
Turn   | Place    | Note
-------+----------+-------------------------------------------
     0 | D:5      | drugrobin the Demigod Delver began the quest for the Orb.
     0 | D:5      | Reached XP level 1. HP: 18/18 MP: 3/3
    13 | D:4      | Noticed an iguana
   247 | D:1      | Reached XP level 2. HP: 25/25 MP: 4/4
   749 | D:1      | Reached XP level 3. HP: 30/30 MP: 5/5
  1259 | D:2      | Got the Compilation of the Thinker
  1262 | D:2      | Learned a level 1 spell: Summon Small Mammal
  2269 | D:3      | Noticed Ijyb
  2467 | D:4      | Reached XP level 4. HP: 33/37 MP: 3/6
  2476 | D:4      | Slain by an iguana

Illustrated notes

Levels and vault maps discovered:
D:1:      dpeg_arrival_tiny_f, layout_basic, st_stairs_12
D:2:      layout_loops_ring, grunt_ministairs_4
D:3:      layout_basic, nicolae_overflow_crystal_walls, minmay_fountain_box,
          minmay_misc_feat_secret_circle, uniq_ijyb
D:4:      layout_rooms, nzn_wu_jian_contemplation, uniq_menkaure
D:5:      layout_loops_cross, temple_fountains, kennysheep_opposing_triangles

Skill      XL: |  1  2  3 |
---------------+----------+-----
Axes           | 2 3 4 |  4.1
Fighting       | |  2.6
Dodging        | |  1.7
Stealth        | |  4.5

Action                     |  1- 3 |  4- 6 || total
---------------------------+-------+-------++-------
  Melee: Hand axe          |   140 |     8 ||   148
         Punch             |     3 |       ||     3
   Cast: Summon Small Mamm |     1 |       ||     1
   Stab: Sleeping          |     9 |       ||     9
         Distracted        |     1 |       ||     1
 Armour: Leather armour    |     8 |       ||     8
         Ring mail         |    22 |       ||    22
         Scale mail        |    11 |       ||    11
         Chain mail        |     1 |       ||     1
  Dodge: Dodged            |    85 |     4 ||    89

Table legend: (Time is in decaauts)
 A = Elapsed time spent in this place.
 B = Non-inter-level travel time spent in this place.
 C = Inter-level travel time spent in this place.
 D = Time resting spent in this place.
 E = Time spent auto-exploring this place.
 F = Levels seen in this place.
 G = Mean time per level.
                   A        B        C        D        E       F      G
               +--------+--------+--------+--------+--------+-----+--------+
         Total |   2497 |   2312 |    185 |     93 |   1591 |   5 |  499.4 |
       Dungeon |   2497 |   2312 |    185 |     93 |   1591 |   5 |  499.4 |
               +--------+--------+--------+--------+--------+-----+--------+

Top non-repeatable levels by time:
     D:1: 1054 daAuts
     D:2: 822 daAuts
     D:3: 430 daAuts
     D:4: 175 daAuts
     D:5: 13 daAuts
